 Dungeon Crawl Stone Soup version 0.31-a0-705-ga145531891 (webtiles) character file.

Game seed: 13136612129278329012

4 ytrimaz the Changeling (level 1, -1/13 HPs)
             Began as an Octopode Shapeshifter on Sept 10, 2023.
             Slain by a goblin
             ... wielding a +0 club
              (5 damage)
             ... on level 1 of the Dungeon.
             The game lasted 00:00:10 (50 turns).

ytrimaz the Changeling (Octopode Shapeshifter)        Turns: 50, Time: 00:00:10

Health: -1/13      AC:  1    Str: 13    XL:     1   Next: 70%
Magic:  1/1        EV: 13    Int: 12    God:
Gold:   0          SH:  0    Dex: 11    Spells: 0/0 levels left

rFire   . .          .
                       - Unarmed
rCold   . . .        (no shield)
rNeg    . . .        (helmet currently unavailable)
rPois   .            (no amulet)
rElec   .            (no ring)
rCorr   .            (no ring)
SInv    .            (no ring)
Will    .....        (no ring)
Stlth   ++           (no ring)
HPRegen 0.22/turn    (no ring)
MPRegen 0.07/turn    (no ring)
                     (no ring)

%: no passive effects
@: beast-form
A: beast (slay +1), almost no armour, amphibious, 8 rings, camouflage 1,
gelatinous body 1, (nimble swimmer 1), tentacles
a: Begin Untransformation


You were on level 1 of the Dungeon.
You were a hulking beast.
You visited 1 branch of the dungeon, and saw 1 of its levels.


Innate Abilities, Weirdness & Mutations

You are a hulking beast.
Your limbs bulge with bestial killing power. (Slay +1)
You cannot wear most types of armour.
You are amphibious.
You can wear up to eight rings at the same time.
Your skin changes colour to match your surroundings (Stealth+).
Your rubbery body absorbs attacks. (AC +1, EV +1)
((You are camouflaged when in or above water. (Stealth+)))
You have tentacles for arms and can constrict up to eight enemies at once.


   Skills:
 - Level 1.0 Fighting
 - Level 2.0 Dodging
 + Level 3.1 Unarmed Combat
 + Level 3.1 Shapeshifting


You couldn't memorise any spells.
You didn't know any spells.
Your spell library contained the following spells:

 Spells                   Type           Power      Damage    Failure   Level
 Sting                    Tmut/Pois      0%         1d3       32%         1
 Poisonous Vapours        Pois/Air       0%         N/A       45%         2
 Olgreb's Toxic Radiance  Pois           0%         N/A       97%         4

Inventory:

Talismans
 b - a beast talisman (active)
 c - a flux talisman
Scrolls
 d - a scroll of amnesia {unknown}
Potions
 a - a potion of lignification

Dungeon Overview and Level Annotations

Branches:
Dungeon (1/15) Zot: 5949

Altars:

.... ###.... .......
....... .......
....... ..
#####KS.....
#.##...hS......
#.##....g......
#.##........#..
#.##...........
######...........#..
#...................
#.........#.#..##...
#.........#.##.# .##
#...........# .#


You could see a goblin, 2 ball pythons and a kobold.


Message History

🤖 Initializing magus.rc ...
Options error: Delay interrupt name "hungry" not recognised. (~/.crawlrc:4375) Bad monster_list_colour key: strict_neutral Options error: Unknown color in colour mapping: 'purle:scroll.*immolation' Bad channel name 'pray' for runrest: 'pray:' Options error: Missing colour in message_colour setting: 'that.*feels deathly cold' Options error: Missing colour in message_colour setting: 'and you must be Full or above to equip it' Options error: Missing colour in message_colour setting: 'but rights himself reflexively soon after' Options error: Missing colour in message_colour setting: 'before it is too late' ✅ Successfully initialized magus.rc [v1.9.6] Welcome, ytrimaz the Octopode Shapeshifter.
They say the Orb of Zot lies within this dungeon, but they say a lot of things.
Press ? for a list of commands and other information.
Found a scroll labelled XUTOHIUS JULE, a hand axe and a dagger.
Found a staircase leading out of the dungeon.
d - a scroll labelled XUTOHIUS JULE A quokka comes into view.
A quokka is nearby!
A quokka is nearby!
A quokka is nearby!
The quokka bites you. 😕 HP[-1]
You take 1 damage, and now have 12/13 hp.
You tentacle-slap the quokka. You grab the quokka. You constrict the quokka.
The quokka closely misses you.
You tentacle-slap the quokka. You constrict the quokka.
The quokka completely misses you.
You bludgeon the quokka!
You kill the quokka!
No target in view!
No target in view!
No target in view!
A bat comes into view.
You see here a quokka corpse. 😎 HP[+1]
Your hp is fully restored (13).
A bat is nearby!
A bat is nearby! 2 endoplasms come into view.
The endoplasm quivers.
The bat barely misses you. The bat closely misses you.
You miss the bat. You grab the bat. You constrict the bat.
The endoplasm quivers.
The bat barely misses you.
The bat struggles to escape constriction.
You closely miss the bat. You squeeze the bat.
You kill the bat!
You tentacle-slap the endoplasm. You squeeze the endoplasm.
You kill the endoplasm!
You tentacle-slap the endoplasm.
You kill the endoplasm!
No target in view!
No target in view!
No target in view!
No target in view!
You pick up a Young Poisoner's Handbook and begin reading...
You add the spells Sting, Poisonous Vapours and Olgreb's Toxic Radiance to your library.
A kobold comes into view. It is wielding a +0 club.
A goblin comes into view. It is wielding a +0 club.
The kobold shouts!
You hear an angry hiss.
A ball python comes into view.
A ball python comes into view.
The ball python hisses angrily.
You completely miss the kobold.
The ball python hisses angrily.
Your grab misses the kobold.
The kobold hits you with a +0 club. 😕 HP[-1]
You take 1 damage, and now have 12/13 hp.
You closely miss the kobold. You grab the kobold.
You constrict the kobold, but do no damage.
The goblin barely misses you.
The kobold hits you with a +0 club. 😮 HP[-3]
You take 3 damage, and now have 9/13 hp.
MASSIVE DAMAGE!! (PAUSE)
You are too injured to fight recklessly!
You are too injured to fight recklessly!
You closely miss the goblin. Your grab misses the goblin.
Your squeeze misses the goblin.
You constrict the kobold, but do no damage.
The goblin closely misses you.
The kobold hits you with a +0 club. 😮 HP[-1]
You take 1 damage, and now have 8/13 hp.
You closely miss the goblin. You grab the goblin.
You constrict the kobold, but do no damage.
You constrict the goblin. The ball python barely misses you.
The ball python closely misses you. The goblin closely misses you.
The kobold hits you with a +0 club.
* * * LOW HITPOINT WARNING * * *
😱 HP[-5]
You take 5 damage, and now have 3/13 hp.
MASSIVE DAMAGE!! (PAUSE)
You tentacle-slap the ball python. You grab the ball python.
You constrict the kobold. You constrict the ball python.
You constrict the goblin, but do no damage.
The ball python struggles to escape constriction.
The goblin hits you with a +0 club.
You die...

Action                     || total
---------------------------++-------
  Melee: Unarmed           ||    12
         Constrict         ||     5
         Tentacles         ||     2
 Armour: Skin              ||     6
  Dodge: Dodged            ||    10

Levels and vault maps discovered:
D:1:      minmay_arrival_semitransparent, layout_rooms

Notes
Turn   | Place    | Note
-------+----------+-------------------------------------------
     0 | D:1      | ytrimaz the Octopode Shapeshifter began the quest for the
                  | Orb.
     0 | D:1      | Reached XP level 1. HP: 13/13 MP: 1/1
     0 | D:1      | magus.rc [v1.9.6]
    37 | D:1      | You add the spells Sting, Poisonous Vapours and Olgreb's
                  | Toxic Radiance to your library.
    49 | D:1      | HP: 3/13 [kobold/+0 club (5)]
    50 | D:1      | Slain by a goblin

Vanquished Creatures
  2 endoplasms (D:1)
  A quokka (D:1)
  A bat (D:1)
4 creatures vanquished.

Table legend:
 A = Non-vault XP
 B = Vault XP
 C = Vault XP percentage of total XP
 D = Non-vault monster count
 E = Vault monster count
 F = Vault count percentage of total count
                 A         B        C        D         E       F
            +---------+---------+-------+---------+---------+-------
      Total |       7 |       0 |   0.0 |       4 |       0 |   0.0
            +---------+---------+-------+---------+---------+-------
        D:1 |       7 |       0 |   0.0 |       4 |       0 |   0.0
            +---------+---------+-------+---------+---------+-------

Action                     || total
---------------------------++-------
  Melee: Unarmed           ||    12
         Constrict         ||     5
         Tentacles         ||     2
 Armour: Skin              ||     6
  Dodge: Dodged            ||    10

Illustrated notes

Table legend:
 A = Kills in this place as a percentage of kills in the entire game.
 B = Kills by you in this place as a percentage of kills by you in the entire game.
 C = Kills by friends in this place as a percentage of kills by friends in the entire game.
 D = Other kills in this place as a percentage of other kills in the entire game.
 E = Experience gained in this place as a percentage of experience gained in the entire game.
 F = Experience gained in this place divided by the number of levels of this place that you have seen.
                   A       B       C       D       E      F
               +-------+-------+-------+-------+-------+----------------------
         Total | 100.0 | 100.0 |   N/A |   N/A | 100.0 |   7.0
       Dungeon | 100.0 | 100.0 |   N/A |   N/A | 100.0 |   7.0
               +-------+-------+-------+-------+-------+----------------------

Table legend: (Time is in decaauts)
 A = Elapsed time spent in this place.
 B = Non-inter-level travel time spent in this place.
 C = Inter-level travel time spent in this place.
 D = Time resting spent in this place.
 E = Time spent auto-exploring this place.
 F = Levels seen in this place.
 G = Mean time per level.
                   A        B        C        D        E       F      G
               +--------+--------+--------+--------+--------+-----+--------+
         Total |     49 |     49 |      0 |      0 |     24 |   1 |   49.0 |
       Dungeon |     49 |     49 |      0 |      0 |     24 |   1 |   49.0 |
               +--------+--------+--------+--------+--------+-----+--------+

Top non-repeatable levels by time:
     D:1: 49 daAuts
